 Dungeon Crawl Stone Soup version 0.31-a0-995-g04711c9635 (webtiles) character file.

Game seed: 13515570438535940118

19 kae the Changeling (level 2, 0/23 HPs)
             Began as a Draconian Shapeshifter on Nov 6, 2023.
             Slain by a worm (2 damage)
             ... on level 2 of the Dungeon.
             The game lasted 00:00:40 (624 turns).

kae the Changeling (Draconian Shapeshifter)          Turns: 624, Time: 00:00:40

Health: 0/23       AC:  4    Str: 16    XL:     2   Next: 55%
Magic:  2/2        EV: 12    Int: 10    God:
Gold:   74         SH:  0    Dex: 10    Spells: 1/1 levels left

rFire   . .          .
                       - Unarmed
rCold   . . .        (no shield)
rNeg    . . .        (body armour unavailable)
rPois   .            (helmet currently unavailable)
rElec   .            (cloak currently unavailable)
rCorr   .            (gloves currently unavailable)
SInv    .            (boots currently unavailable)
Will    .....        (no amulet)
Stlth   +            (no ring)
HPRegen 0.23/turn    (no ring)
MPRegen 0.08/turn

%: no passive effects
@: beast-form
A: beast (slay +2), AC +4, unfitting armour, cold-blooded
a: Begin Untransformation


You were on level 2 of the Dungeon.
You were a hulking beast.
You visited 1 branch of the dungeon, and saw 2 of its levels.

You collected 74 gold pieces.


Innate Abilities, Weirdness & Mutations

You are a hulking beast.
Your limbs bulge with bestial killing power. (Slay +2)
Your plain brown scales are hard. (AC +4)
You cannot fit into any form of body armour.
You are cold-blooded and may be slowed by cold attacks.


   Skills:
 - Level 1.1 Fighting
 - Level 1.7 Dodging
 + Level 3.3 Unarmed Combat
 * Level 3.5 Shapeshifting


You had one spell level left.
You didn't know any spells.
Your spell library contained the following spells:

 Spells                   Type           Power      Damage    Failure   Level
 Freeze                   Ice            0%         1d3       36%         1
 Lesser Beckoning         Tloc           0%         N/A       50%         2
 Call Canine Familiar     Summ           0%         N/A       75%         3
 Frozen Ramparts          Ice            0%         1d1       75%         3
 Gell's Gravitas          Tloc           0%         N/A       75%         3
 Hailstorm                Conj/Ice       0%         3d3       75%         3
 Inner Flame              Hex/Fire       0%         N/A       75%         3
 Teleport Other           Tloc           0%         N/A       75%         3
 Summon Forest            Summ/Tloc      0%         N/A       100%        5
 Yara's Violent Unravell  Hex/Tmut       0%         3d3       100%        5
 Bombard                  Conj/Erth      0%         9d1       100%        6
 Enfeeble                 Hex            0%         N/A       100%        7

Inventory:

Missiles
 e - 5 stones
Talismans
 b - a beast talisman
 c - a flux talisman
Scrolls
 d - 2 scrolls of teleportation {unknown}
Potions
 a - a potion of lignification {!q}
 f - a potion of curing {unknown}

Dungeon Overview and Level Annotations

Branches:
Dungeon (2/15) Zot: 11378

Altars:

Shops:
D:1

(
..............#
.............
.........
#....####.#
#..<......#
#...#######
#...#
###.##w."#
#......h.#
#.#.###### #


You could see a worm.


Message History

Your hp is fully restored (23).
The dart slug launches a dart at you. The slug dart hits you. 😕 HP[-1]
You take 1 damage, and now have 22/23 hp.
A dart slug is nearby!
The dart slug launches a dart at you. The slug dart hits you. 😕 HP[-2]
You take 2 damage, and now have 20/23 hp.
A dart slug is nearby!
The dart slug closely misses you.
You punch the dart slug! You tail-slap the dart slug.
You kill the dart slug!
A ball python comes into view. 😎 HP[+3]
Your hp is fully restored (23).
The ball python hisses angrily.
A ball python is nearby!
The ball python barely misses you. The ball python misses you.
You closely miss the ball python. The ball python barely misses you.
The ball python closely misses you.
A ball python is nearby!
You barely miss the ball python.
The ball python bites you but does no damage.
The ball python barely misses you.
You hit the ball python. Your punch misses the ball python.
The ball python barely misses you. The ball python closely misses you.
A ball python is nearby!
A ball python is nearby!
You punch the ball python!
You kill the ball python!
No target in view!
No target in view!
No target in view!
You now have 74 gold pieces (gained 15).
You see here a ball python corpse.
You see here a +0 ring mail.
A goblin comes into view. It is wielding a +0 club.
The goblin shouts!
A goblin is nearby!
A goblin is nearby!
You hit the goblin.
You kill the goblin!
No target in view!
Done exploring.
No target in view!
No target in view!
Done exploring.
No target in view!
No target in view!
Done exploring.
No target in view!
No target in view!
Done exploring.
There is a stone staircase leading down here.
You climb downwards.
There is a stone staircase leading up here.
A worm is nearby!
Okay, then.
The worm bites you. 😕 HP[-3]
You take 3 damage, and now have 20/23 hp.
A worm is nearby!
You hit the worm. You punch the worm. You barely miss the worm.
The worm barely misses you.
A worm is nearby!
You hit the worm. You hit the worm but do no damage.
The worm closely misses you. 😕 HP[+1]
A worm is nearby!
You hit the worm but do no damage. The worm completely misses you.
You hit the worm.
A worm is nearby!
You barely miss the worm. The worm closely misses you.
You hit the worm. 😕 HP[+1]
A worm is nearby!
You hit the worm.
Your tail-slap misses the worm.
The worm bites you but does no damage.
You barely miss the worm.
A worm is nearby!
You barely miss the worm. You tail-slap the worm. The worm bites you!
You are too injured to fight recklessly! 😮 HP[-10]
You take 10 damage, and now have 12/23 hp.
MASSIVE DAMAGE!! (PAUSE)
The worm bites you.
* * * LOW HITPOINT WARNING * * *
😨 HP[-2]
You take 2 damage, and now have 10/23 hp. 😨 HP[+1]
You hit the worm. The worm bites you!
* * * LOW HITPOINT WARNING * * *
😱 HP[-9]
You take 9 damage, and now have 2/23 hp.
MASSIVE DAMAGE!! (PAUSE)
You hit the worm but do no damage.
Your tail-slap misses the worm.
You hit the worm. The worm bites you.
You die...

Action                     || total
---------------------------++-------
  Melee: Unarmed           ||    51
         Tailslap          ||     5
         Punch             ||     2
 Armour: Skin              ||    24
  Dodge: Dodged            ||    47

Levels and vault maps discovered:
D:1:      saegor_arrival_fortress, layout_basic, serial_glass, glass_columns_a,
          glass_columns_a, serial_shops, nicolae_shop_bloodbath_and_beyond
D:2:      layout_loops_cross, basic_altar, wad_orctagon, uniq_crazy_yiuf_cottage

Notes
Turn   | Place    | Note
-------+----------+-------------------------------------------
     0 | D:1      | kae the Draconian Shapeshifter began the quest for the Orb.
     0 | D:1      | Reached XP level 1. HP: 16/16 MP: 1/1
     0 | D:1      | magus.rc [v1.11.3]
    29 | D:1      | You add the spells Call Canine Familiar, Summon Forest and
                  | Bombard to your library.
    29 | D:1      | Got the Book of the Gathering and the Valley
   116 | D:1      | You pick up a book of Displacement and begin reading...
   116 | D:1      | You add the spells Lesser Beckoning, Gell's Gravitas and
                  | Teleport Other to your library.
   162 | D:1      | Found Dyipuseytt's Weapon Boutique.
   186 | D:1      | You pick up a book of Misfortune and begin reading...
   186 | D:1      | You add the spells Inner Flame, Yara's Violent Unravelling
                  | and Enfeeble to your library.
   332 | D:1      | Reached XP level 2. HP: 23/23 MP: 2/2
   381 | D:1      | You pick up a book of Frost and begin reading...
   381 | D:1      | You add the spells Freeze, Frozen Ramparts and Hailstorm to
                  | your library.
   622 | D:2      | HP: 2/23 [worm (9)]
   624 | D:2      | Slain by a worm

Vanquished Creatures
  A dart slug (D:1)
  2 bats (D:1)
  A giant cockroach (D:1)
  4 goblins (D:1)
  A quokka (D:1)
  4 ball pythons (D:1)
  2 rats (D:1)
15 creatures vanquished.

Table legend:
 A = Non-vault XP
 B = Vault XP
 C = Vault XP percentage of total XP
 D = Non-vault monster count
 E = Vault monster count
 F = Vault count percentage of total count
                 A         B        C        D         E       F
            +---------+---------+-------+---------+---------+-------
      Total |      28 |       0 |   0.0 |      15 |       0 |   0.0
            +---------+---------+-------+---------+---------+-------
        D:1 |      28 |       0 |   0.0 |      15 |       0 |   0.0
            +---------+---------+-------+---------+---------+-------

Action                     || total
---------------------------++-------
  Melee: Unarmed           ||    51
         Tailslap          ||     5
         Punch             ||     2
 Armour: Skin              ||    24
  Dodge: Dodged            ||    47

Illustrated notes

Table legend:
 A = Kills in this place as a percentage of kills in the entire game.
 B = Kills by you in this place as a percentage of kills by you in the entire game.
 C = Kills by friends in this place as a percentage of kills by friends in the entire game.
 D = Other kills in this place as a percentage of other kills in the entire game.
 E = Experience gained in this place as a percentage of experience gained in the entire game.
 F = Experience gained in this place divided by the number of levels of this place that you have seen.
                   A       B       C       D       E      F
               +-------+-------+-------+-------+-------+----------------------
         Total | 100.0 | 100.0 |   N/A |   N/A | 100.0 |  14.0
       Dungeon | 100.0 | 100.0 |   N/A |   N/A | 100.0 |  14.0
               +-------+-------+-------+-------+-------+----------------------

Table legend: (Time is in decaauts)
 A = Elapsed time spent in this place.
 B = Non-inter-level travel time spent in this place.
 C = Inter-level travel time spent in this place.
 D = Time resting spent in this place.
 E = Time spent auto-exploring this place.
 F = Levels seen in this place.
 G = Mean time per level.
                   A        B        C        D        E       F      G
               +--------+--------+--------+--------+--------+-----+--------+
         Total |    620 |    602 |     18 |      0 |    497 |   2 |  310.0 |
       Dungeon |    620 |    602 |     18 |      0 |    497 |   2 |  310.0 |
               +--------+--------+--------+--------+--------+-----+--------+

Top non-repeatable levels by time:
     D:1: 603 daAuts
     D:2: 17 daAuts
